 Dungeon Crawl Stone Soup version 0.28-b1-70-g80dc712255 (webtiles) character file.

Game seed: 6242236387786078552

17143 Bearnado the Cruncher (level 12, -5/110 HPs)
             Began as a Minotaur Berserker on Feb 3, 2022.
             Was an Elder of Trog.
             Slain by a skeletal warrior (18 damage)
             ... led by a skeletal warrior
             ... on level 11 of the Dungeon on Feb 4, 2022.
             The game lasted 01:02:22 (12081 turns).

Bearnado the Cruncher (Minotaur Berserker)         Turns: 12081, Time: 01:02:22

Health: -5/110     AC: 21    Str: 30    XL:     12   Next: 16%
Magic:  11/11      EV: 12    Int:  4    God:    Trog [****..]
Gold:   992        SH:  0    Dex: 19    Spells: 11/11 levels left

rFire   . . .      SeeInvis .   P - +1 triple sword (holy)
rCold   . . .      Faith    .   (shield currently unavailable)
rNeg    . . .      Spirit   .   E - +0 plate armour
rPois   .          Reflect  .   (helmet restricted)
rElec   .          Harm     .   r - +0 cloak
rCorr   .          Rampage  .   j - +0 pair of gloves
Will    .....                   u - +0 pair of boots
Stlth   ..........              (no amulet)
HPRegen 0.00/turn               O - +6 ring of dexterity
MPRegen 0.12/turn               l - +6 ring of strength

@: about to teleport, inhibited regen, studying Armour
A: horns 2, retaliatory headbutt, inhibited regeneration, sturdy frame 1
a: Renounce Religion, Berserk, Trog's Hand, Brothers in Arms


You were on level 11 of the Dungeon.
You worshipped Trog.
Trog was greatly pleased with you.
You visited 1 branch of the dungeon, and saw 11 of its levels.
You also visited: Bailey.

You collected 992 gold pieces.

Inventory:

Hand Weapons
 h - a +0 scimitar
 n - a +4 halberd of freezing
 q - a +4 quarterstaff of chaos
 F - the +7 rapier "Gaebuheg" {vorpal, rC+++ MP+9 Str+2}
   (You found it on level 6 of the Dungeon)

   It inflicts extra damage upon your enemies.
   Str:       It affects your strength (+2).
   rC:        It renders you almost immune to cold.
   MP:        It affects your magic capacity (+9).
 P - a +1 triple sword of holy wrath (weapon)
 S - a +0 war axe of freezing
 T - a +0 shortbow
 V - a +1 whip of freezing
 W - a +5 hand axe
 X - a +4 dire flail
Missiles
 e - a curare-tipped dart
 s - 191 arrows
 x - a throwing net
 y - 18 javelins (quivered)
 z - 19 bolts
 Q - 4 atropa-tipped darts
 R - 12 poisoned darts
Armour
 i - a +4 scale mail
 j - a +0 pair of gloves (worn)
 m - the +2 robe of the Dropbear {+Blink Will+}
   (You found it on level 9 of the Dungeon)

   +Blink:    It lets you blink.
   Will:      It increases your willpower.
 r - a +0 cloak (worn)
 u - a +0 pair of boots (worn)
 w - +0 steam dragon scales
 E - a +0 plate armour (worn)
 Z - a +0 leather armour of fire resistance
Jewellery
 l - a +6 ring of strength (right hand)
 t - a +6 ring of strength
 M - a ring of fire
 O - a +6 ring of dexterity (left hand)
Wands
 a - a wand of flame (10)
 o - a wand of digging (6)
 v - a wand of polymorph (8)
 H - a wand of paralysis (15)
 I - a wand of iceblast (6)
 U - a wand of charming (6)
Scrolls
 b - 2 scrolls of fog
 c - a scroll of torment
 d - 3 scrolls of fear
 f - a scroll of silence {unknown}
 g - 2 scrolls of teleportation
 B - a scroll of brand weapon {unknown}
 C - a scroll of noise {unknown}
 D - a scroll of immolation {unknown}
 G - a scroll of vulnerability {unknown}
 K - a scroll of amnesia {unknown}
 L - 3 scrolls of enchant armour
Potions
 k - a potion of attraction
 p - 3 potions of lignification
 A - a potion of haste
 J - a potion of ambrosia
 N - a potion of magic
 Y - 4 potions of curing


   Skills:
 + Level 11.1 Fighting
 + Level 6.8 Long Blades
 + Level 6.3(11.1) Polearms
 + Level 14.2(14.7) Staves
 + Level 3.0 Throwing
 + Level 13.9 Armour
 + Level 5.5 Dodging
 + Level 0.9 Stealth
 + Level 1.8 Evocations


You had 11 spell levels left.
You didn't know any spells.
Your spell library was empty.

Dungeon Overview and Level Annotations

Branches:
Dungeon (11/15)            Temple (0/1) D:4            Lair (0/6) D:8
    Orc (0/2) D:11         Bailey (visited)

Altars:
Ashenzari
Dithmenos
Elyvilon
Gozag
Hepliaklqana
Okawaru
Ru
Trog
Uskayaw

Shops:
D:1 (   D:2 =


Innate Abilities, Weirdness & Mutations

You have a pair of horns on your head.
You reflexively headbutt those who attack you in melee.
You do not regenerate when monsters are visible.
Your movements are slightly less encumbered by armour. (ER -2)


Message History

P - a +1 triple sword of holy wrath (weapon)
A skeletal warrior comes into view. It is wielding a +0 scimitar.
The skeletal warrior hits you but does no damage.
Space warps around you.
The skeletal warrior hits you with a +2 glaive of distortion!
You blink.
The skeletal warrior hits you but does no damage.
The skeletal warrior completely misses you.
A skeletal warrior comes into view. It is wielding a +0 halberd.
You hit the skeletal warrior.
The skeletal warrior convulses.
Your headbutt misses the skeletal warrior.
The skeletal warrior is lightly damaged.
The skeletal warrior hits you with a +2 glaive of distortion!!
You blink.
An orc comes into view.
It is wielding a +0 long sword of holy wrath and carrying a wand of charming (4).
The orc shouts!
You closely miss the orc. Your headbutt misses the orc.
The skeletal warrior hits you from afar with a +2 glaive of distortion!
Space warps around you! The orc closely misses you. You furiously retaliate!
You headbutt the orc. You closely miss the orc. Your headbutt misses the orc.
The orc is almost dead.
The skeletal warrior hits you from afar with a +2 glaive of distortion.
Space warps horribly around you! The orc closely misses you.
The skeletal warrior hits you from afar with a +2 glaive of distortion!
* * * LOW HITPOINT WARNING * * *
You blink.
As you read the scroll of teleportation, it crumbles to dust.
You feel strangely unstable.
The skeletal warrior hits you but does no damage.
The skeletal warrior hits you with a +0 glaive!!
* * * LOW HITPOINT WARNING * * *
The skeletal warrior hits you from afar with a +2 glaive of distortion.
* * * LOW HITPOINT WARNING * * *
Space warps around you.
* * * LOW HITPOINT WARNING * * *
You feel better.
The skeletal warrior hits you but does no damage. x2
The skeletal warrior hits you from afar with a +2 glaive of distortion!!
You die...

#.# #.####### #.# #.# #z# #.#
######+### #.# ##)## #........#
##.# #...#####. #........# #..#
#.8....... #........######.##
#.))#####. #........'...##z####
##.#'###'#
#........###..@....####)##...##
#........# ####z##...##.##.>.##
######'### #z####.##)##...##
#.# #o# ####)#)###'# #.# #.#
###)..## ##. #.# ###'####...8.#
#. #.# #........#...# #. ##.#
#........#.### ## #..#
#.......)..# ##


You could see 4 skeletal warriors and an orc.

Vanquished Creatures
  3 two-headed ogres
  3 death yaks (D:8)
  A skeletal warrior (D:11)
  An orb spider (shapeshifter) (D:5)
  An ugly thing (D:7)
  A cyclops (D:11)
  2 trolls
  Prince Ribbit (D:5)
  Grinder (D:3)
  The ghost of zeram the Firebug, an amateur GnFE (D:3)
  A culicivora (shapeshifter) (Bailey)
  Grum (D:8)
  2 wraiths (D:10)
  A wyvern (D:8)
  4 vampire mosquitoes
  18 yaks
  4 steam dragons
  A water moccasin (D:5)
  A black bear (D:5)
  5 ice beasts
  13 orc warriors
  11 centaurs
  3 sky beasts
  2 ogres
  A necrophage (D:4)
  2 wolves (D:8)
  A boggart (Bailey)
  4 lemures (D:5)
  3 phantoms
  3 kobold brigands
  5 bullfrogs
  3 scorpions (D:5)
  A water moccasin zombie (D:6)
  A water moccasin skeleton (D:6)
  5 wights
  2 howler monkeys
  A bullfrog zombie (D:5)
  6 orc priests
  4 hounds
  A gnoll shaman (D:5)
  A water moccasin simulacrum (D:6)
  2 jellies (D:6)
  Crazy Yiuf (D:3)
  4 iguanas
  4 orc wizards
  2 hell rats (D:8)
  2 killer bee zombies
  The ghost of cbfl8 the Sneak, a weakling MiDe (D:6)
  A centaur simulacrum (D:6)
  4 hound skeletons
  A mummy (D:5)
  10 gnolls
  6 adders
  A river rat (D:8)
  A shadow imp (D:7)
  2 white imps (D:6)
  An ufetubus (D:7)
  A worm (D:2)
  4 dart slugs
  64 orcs
  6 endoplasms
  5 giant cockroaches
  6 goblins
  5 hobgoblins
  7 jackals
  6 quokkas
  3 ball pythons
  7 bats
  5 frilled lizards
  4 hobgoblin zombies (D:5)
  21 kobolds
  6 rats
319 creatures vanquished.

Vanquished Creatures (collateral kills)
  Maurice (D:8)
  2 wolves (D:8)
3 creatures vanquished.

Vanquished Creatures (others)
  A yak (D:11)
  A white imp (D:6)
2 creatures vanquished.

Grand Total: 324 creatures vanquished

Notes
Turn   | Place    | Note
-------+----------+-------------------------------------------
     0 | D:1      | Bearnado the Minotaur Berserker began the quest for the
                  | Orb.
     0 | D:1      | Reached XP level 1. HP: 19/19 MP: 0/0
    14 | D:1      | Found Nedaimesm's Weapon Boutique.
    90 | D:1      | Reached XP level 2. HP: 23/27 MP: 1/1
   312 | D:1      | You fall into a shaft and drop 1 floor!
   314 | D:2      | Found a white marble altar of Elyvilon.
   320 | D:2      | Found Yterghei's Jewellery Emporium.
   530 | D:2      | Reached XP level 3. HP: 33/33 MP: 2/2
   533 | D:2      | Reached ** piety under Trog
  1402 | D:3      | Reached XP level 4. HP: 18/41 MP: 3/3
  1489 | D:3      | Noticed a phantom
  1497 | D:3      | Killed a phantom
  1498 | D:3      | Reached skill level 5 in Fighting
  1498 | D:3      | Reached skill level 5 in Long Blades
  1498 | D:3      | Reached XP level 5. HP: 39/48 MP: 4/4
  1592 | D:3      | Found a runed translucent door.
  1593 | D:3      | Noticed Crazy Yiuf
  2015 | D:3      | Found a runed translucent door.
  2016 | D:3      | Noticed zeram's ghost (amateur GnFE)
  2028 | D:3      | Killed zeram's ghost
  2028 | D:3      | Noticed Grinder
  2029 | D:3      | Reached skill level 1 in Polearms
  2029 | D:3      | Reached XP level 6. HP: 56/56 MP: 5/5
  2033 | D:3      | Paralysed by Grinder for 4 turns
  2048 | D:3      | Killed Grinder
  2049 | D:3      | Reached XP level 7. HP: 16/62 MP: 6/6
  2317 | D:3      | Reached skill level 5 in Armour
  2432 | D:3      | Found a hide-covered altar of Uskayaw.
  2550 | D:3      | Killed Crazy Yiuf
  2749 | D:4      | Reached skill level 1 in Staves
  2920 | D:4      | Reached skill level 2 in Staves
  3061 | D:4      | Reached *** piety under Trog
  3062 | D:4      | Reached XP level 8. HP: 46/70 MP: 7/7
  3323 | D:4      | Found a staircase to the Ecumenical Temple.
  3359 | D:4      | Found a hazy altar of Hepliaklqana.
  3359 | D:4      | Found a bloodstained altar of Trog.
  3555 | D:5      | Entered Level 5 of the Dungeon
  3559 | D:5      | Reached skill level 3 in Staves
  3565 | D:5      | Reached skill level 4 in Staves
  3646 | D:5      | Reached skill level 5 in Staves
  3699 | D:5      | Found a shadowy altar of Dithmenos.
  3895 | D:5      | Noticed Prince Ribbit
  3899 | D:5      | Killed Prince Ribbit
  3900 | D:5      | Reached skill level 6 in Staves
  4571 | D:5      | Reached skill level 7 in Staves
  4578 | D:5      | Noticed Pikel
  4584 | D:5      | Noticed Pikel
  4584 | D:5      | Pikel changed into Pikel the glowing shapeshifter
  4585 | D:5      | Noticed Pikel
  4585 | D:5      | Pikel the glowing shapeshifter changed into Pikel the orb
                  | spider
  4588 | D:5      | Killed Pikel the orb spider
  4589 | D:5      | Reached skill level 8 in Staves
  4589 | D:5      | Reached XP level 9. HP: 81/81 MP: 8/8
  4592 | D:5      | Found a white marble altar of Elyvilon.
  4948 | D:5      | Gained mutation: You do not regenerate when monsters are
                  | visible. [potion of mutation]
  4948 | D:5      | Gained mutation: Your movements are slightly less
                  | encumbered by armour. (ER -2) [potion of mutation]
  5043 | D:6      | Noticed a two-headed ogre
  5056 | D:5      | Killed a two-headed ogre
  5057 | D:5      | Reached skill level 9 in Staves
  5352 | D:6      | Reached skill level 10 in Staves
  5489 | D:6      | Identified the +7 rapier "Gaebuheg" {vorpal, rC+++ MP+9
                  | Str+2}
  5811 | D:6      | Found an opulent altar of Gozag.
  5902 | D:6      | Found a runed translucent gate.
  5903 | D:6      | Found a runed translucent gate.
  5906 | D:6      | Found a runed translucent gate.
  5936 | D:6      | Noticed cbfl8's ghost (weakling MiDe)
  5977 | D:6      | Reached XP level 10. HP: 90/90 MP: 9/9
  5979 | D:6      | Killed cbfl8's ghost
  6239 | D:7      | Reached **** piety under Trog
  6396 | D:7      | Reached skill level 11 in Staves
  6424 | D:7      | Found a flagged portal.
  6445 | Bailey   | Entered a bailey
  6814 | Bailey   | Reached skill level 1 in Throwing
  8251 | D:7      | Noticed a cyan ugly thing
  8258 | D:7      | Killed a cyan ugly thing
  8559 | D:8      | Reached skill level 5 in Polearms
  8663 | D:8      | Found a sacrificial altar of Ru.
  8715 | D:8      | Found a broken altar of Ashenzari.
  8854 | D:8      | Noticed a two-headed ogre
  8868 | D:8      | Killed a two-headed ogre
  8869 | D:8      | Reached skill level 10 in Fighting
  8869 | D:8      | Reached skill level 12 in Staves
  8869 | D:8      | Reached skill level 10 in Armour
  8869 | D:8      | Reached skill level 5 in Dodging
  8869 | D:8      | Reached XP level 11. HP: 88/99 MP: 10/10
  8898 | D:8      | Noticed Maurice
  9020 | D:8      | Noticed a death yak
  9022 | D:8      | Noticed a death yak
  9023 | D:8      | Noticed a death yak
  9036 | D:8      | Killed a death yak
  9044 | D:8      | Killed a death yak
  9050 | D:8      | Killed a death yak
  9136 | D:8      | Killed Maurice
  9137 | D:8      | Noticed Grum
  9153 | D:8      | Killed Grum
  9371 | D:8      | Found a staircase to the Lair.
  9558 | D:8      | Reached skill level 1 in Evocations
  9580 | D:8      | Reached skill level 13 in Staves
 10253 | D:9      | Identified the +2 robe of the Dropbear {+Blink Will+}
 10499 | D:10     | Entered Level 10 of the Dungeon
 10996 | D:10     | Found an iron altar of Okawaru.
 11045 | D:11     | Noticed a two-headed ogre
 11055 | D:11     | Killed a two-headed ogre
 11240 | D:11     | Found a hide-covered altar of Uskayaw.
 11298 | D:11     | Reached XP level 12. HP: 110/110 MP: 11/11
 11381 | D:11     | Reached skill level 14 in Staves
 11423 | D:11     | Found a staircase to the Orcish Mines.
 11433 | D:11     | Paralysed by an orc for 6 turns
 12081 | D:11     | Slain by a skeletal warrior

Illustrated notes

Levels and vault maps discovered:
D:1:      roderic_chinese_lattice_arrival, layout_basic,
          chequers_ecumenical_altar_island, serial_shops, shop,
          dk_noncrumbling_3, chequers_serial_rivers_small_b, minmay_cupped
D:2:      minmay_skewed_foursquare, layout_basic, serial_shops, shop,
          basic_altar
D:3:      layout_loops_ring, lemuel_coloured_pillars_altar,
          gammafunk_ghost_grave, uniq_grinder, uniq_crazy_yiuf_cottage
D:4:      nicolae_cairo_tiling_large, layout_rooms, minitemple
D:5:      layout_loops_corners, nicolae_dithmenos_shadow_blocks,
          mainiacjoe_overflow_surrounded_room, grunt_ministairs_3,
          chequers_serial_rivers_large_a, minmay_mini_ossuary,
          uniq_prince_ribbit1, uniq_pikel
D:6:      hangedman_cross_stitches, layout_rooms, amcnicky_altar_gilded,
          gammafunk_ghost_icy, minivault_22
D:7:      layout_basic, enter_bailey_5, minivault_22, skrybe_limestone_x
D:8:      layout_rooms, mainiacjoe_overflow_catwalk,
          nicolae_ru_sacrificial_ziggurat, dpeg_lair_monsters, uniq_grum,
          uniq_maurice
D:9:      layout_rooms
D:10:     layout_long_grid, mainiacjoe_overflow_paths
D:11:     layout_roguey, hiddenorc2_lemuel, nicolae_uskayaw_dance_studio

Skill      XL: |  1  2  3  4  5  6  7  8  9 10 11 12 |
---------------+-------------------------------------+-----
Long Blades    | 4 5 6 |  6.8
Fighting       | 4 5 6 7 8 10 11 | 11.1
Armour         | 3 4 5 6 7 10 13 | 13.9
Dodging        | 3 4 5 |  5.5
Polearms       | 1 2 3 5 6 |  6.3
Staves         | 2 8 10 12 13 14 | 14.2
Throwing       | 2 3 |  3.0
Evocations     | 1 |  1.8
Stealth        | |  0.9

Action                   |  1- 3 |  4- 6 |  7- 9 | 10-12 || total
-------------------------+-------+-------+-------+-------++-------
Melee: Falchion          |    81 |    30 |       |       ||   111
       Headbutt          |    17 |     9 |    32 |    71 ||   129
       Halberd           |       |    22 |    14 |       ||    36
       Quarterstaff      |       |       |   203 |   358 ||   561
       Glaive            |       |       |       |    27 ||    27
       Triple sword      |       |       |       |     3 ||     3
Throw: Dart              |       |       |     1 |    22 ||    23
       Javelin           |       |       |       |    26 ||    26
       Throwing net      |       |       |       |     2 ||     2
Invok: Berserk           |     2 |     1 |    11 |    12 ||    26
       Trog's Hand       |       |     2 |       |     2 ||     4
       Brothers in Arms  |       |       |       |     3 ||     3
Evoke: Wand              |       |       |       |    18 ||    18
  Use: Scroll            |       |       |     5 |     6 ||    11
       Potion            |       |       |     5 |     3 ||     8
Armor: Animal skin       |     6 |       |       |       ||     6
       Ring mail         |    21 |     1 |       |       ||    22
       Chain mail        |       |    24 |   100 |       ||   124
       Plate armour      |       |       |     5 |   192 ||   197
Dodge: Dodged            |    48 |    23 |    96 |   222 ||   389
